AoeStats
← GORGORY

Glade

503159916Analyzed
1v1 RM · 1mo ago on Aug 30, 2026· 39m 29s· 2 players
Game mode
Random Map
Map size
Tiny (2 player)
Population
200
Speed
Normal
Resources
Standard
Victory
Conquest
Starting age
Dark Age
Ending age
Imperial Age
RankedLock teamsTeams togetherTeam positionsShared explorationLock speedFull tech treeHidden civsTurbo modeCheats
Victory
Defeat
🇦🇷 Ethiopians · Argentina
977
+15
🇦🇹 Teutons · Austria
959
-15
dreimalbla
10:22 Feudal Age
9:47 Loom
13:08 Loom
16:07 Castle Age
16:20 Double-Bit Axe
20:01 Horse Collar
21:44 Bow Saw
24:34 Wheelbarrow
27:21 Hand Cart
28:44 Gold Mining
34:32 Imperial Age
31:50 Town Watch
33:11 Stone Mining
33:39 Scale Barding Armor
33:45 Forging
33:52 Bloodlines
GORGORY
5:30 Loom
9:22 Feudal Age
10:04 Double-Bit Axe
10:02 Horse Collar
14:22 Wheelbarrow
17:55 Castle Age
16:14 Stone Mining
16:54 Gold Mining
19:03 Squires
19:17 Bow Saw
19:07 Town Watch
19:41 Fervor
20:48 Heavy Plow
24:56 Forging
24:46 Scale Mail Armor
25:10 Squires
29:14 Gold Shaft Mining
29:15 Stone Shaft Mining
29:23 Royal Heirs
30:02 Hand Cart
30:55 Iron Casting
30:35 Chain Mail Armor
31:29 Arson
33:45 Sanctity
39:10 Imperial Age
38:07 Town Patrol
Connection lost

Rejoining the realm…

Still unreachable

The connection could not be restored.

Session expired

The server has moved on; the page needs a fresh start.